Map: Pillars of Gold LE

Players

zuka - Winner!

  • Race: Protoss Protoss
  • League: Master
  • Spawn Location: 1:00

Waxer

  • Race: Terran Terran
  • League: Master
  • Spawn Location: 7:00

VOD

Have the link to the VOD?

Description

Time

  • Played on: Jan. 15, 2021, 2:37 p.m.
  • Length: 11:49
Show
View Real Time Build Order
Export as new Build Order

zuka Protoss - Winner!

Build Orders: 1 Gate Expand, Phoenix Opening, Colossus Rush 

Get SALT Encoding   

  12  0:02  Probe  
  14  0:14  Probe  
  14  0:18  Pylon  
  14  0:26  Probe (Chrono Boost)  
  15  0:38  Probe (Chrono Boost)  
  15  0:40  Gateway  
  16  0:43  Probe (Chrono Boost)  
  17  0:50  Assimilator  
  17  0:54  Probe  
  18  1:06  Probe (Chrono Boost)  
  19  1:18  Probe (Chrono Boost)  
  20  1:29  Cybernetics Core  
  20  1:41  Nexus  
  20  1:42  Probe  
  21  1:49  Pylon  
  21  1:55  Probe  
  21  1:58  Assimilator  
  22  2:04  Adept (Chrono Boost)  
  22  2:07  Probe  
  25  2:15  Shield Battery  
  25  2:19  Probe  
  26  2:31  Probe  
  26  2:37  Stargate  
  26  2:38  Adept  
  26  2:43  Probe  
  29  2:46  Warp Gate  
  29  2:53  Probe  
  29  2:55  Probe  
  31  3:05  Probe (Chrono Boost)  
  32  3:11  Probe (Chrono Boost)  
  33  3:16  Adept  
  33  3:17  Probe (Chrono Boost)  
  37  3:20  Phoenix (Chrono Boost)  
  37  3:23  Probe (Chrono Boost)  
  37  3:25  Probe (Chrono Boost)  
  40  3:33  Robotics Facility  
  40  3:35  Probe  
  40  3:38  Probe  
  42  3:44  Phoenix  
  44  3:56  Probe x2  
  46  4:05  Pylon  
  46  4:06  Assimilator  
  46  4:09  Pylon  
  46  4:22  Nexus  
  46  4:23  Probe  
  47  4:26  Observer  
  47  4:30  Probe  
  47  4:31  Robotics Bay  
  49  4:36  Probe (Chrono Boost)  
  50  4:38  Phoenix  
  50  4:41  Assimilator  
  50  4:45  Probe (Chrono Boost)  
  53  4:48  Probe (Chrono Boost)  
  55  4:53  Pylon  
  55  4:56  Probe (Chrono Boost)  
  55  4:58  Probe (Chrono Boost)  
  57  5:01  Immortal (Chrono Boost)  
  57  5:03  Probe (Chrono Boost)  
  57  5:06  Probe  
  62  5:12  Observer  
  62  5:16  Probe  
  62  5:18  Extended Thermal Lance  
  63  5:23  Pylon  
  63  5:26  Colossus (Chrono Boost)  
  63  5:29  Probe  
  63  5:34  Probe  
  71  5:41  Probe  
  72  5:43  Shield Battery, Probe  
  72  5:46  Probe  
  74  5:54  Probe  
  74  5:55  Probe, Twilight Council  
  76  5:58  Pylon  
  76  6:04  Forge  
  76  6:05  Forge  
  76  6:07  Observer  
  76  6:09  Colossus (Chrono Boost)  
  76  6:13  Probe  
  76  6:17  Phoenix  
  85  6:19  Probe  
  85  6:20  Probe  
  85  6:25  Probe  
  88  6:31  Probe  
  88  6:32  Probe  
  90  6:33  Protoss Ground Weapons Level 1 (Chrono Boost), Stalker  
  90  6:39  Charge (Chrono Boost)  
  92  6:42  Probe  
  92  6:43  Probe  
  92  6:44  Probe  
  95  6:50  Shield Battery, Protoss Ground Armor Level 1 (Chrono Boost)  
  95  6:52  Pylon  
  95  6:54  Probe  
  95  6:55  Probe  
  95  6:56  Probe  
  98  7:06  Probe  
  98  7:08  Pylon, Probe  
  99  7:09  Colossus (Chrono Boost)  
  99  7:10  Pylon  
  99  7:14  Assimilator  
  105  7:16  Probe  
  105  7:19  Pylon, Probe  
  105  7:22  Assimilator  
  107  7:23  Gateway  
  107  7:27  Gateway x2  
  107  7:33  Gateway  
  107  7:34  Gateway  
  107  7:36  Templar Archives  
  107  7:39  Probe x2  
  107  7:43  Zealot  
  110  7:51  Shield Battery  
  110  7:54  Pylon  
  110  7:56  Shield Battery  
  114  7:58  Immortal  
  114  7:59  Phoenix  
  116  8:13  Pylon  
  116  8:14  Pylon  
  116  8:16  Zealot  
  117  8:20  Zealot  
  117  8:31  Zealot  
  117  8:32  Zealot x3  
  115  8:46  Probe x2  
  115  8:48  Probe  
  104  8:50  Zealot x2  
  104  8:53  Stalker x2  
  104  8:54  Stalker x2  
  110  8:58  Probe x2  
  110  9:00  Protoss Ground Armor Level 2 (Chrono Boost), Probe  
  113  9:09  Protoss Ground Weapons Level 2 (Chrono Boost)  
  113  9:10  Probe x2  
  113  9:12  Probe, Photon Cannon  
  113  9:14  Photon Cannon  
  113  9:17  Pylon  
  116  9:19  High Templar x2  
  116  9:20  High Templar x2, Nexus, Zealot  
  116  9:23  Zealot  
  128  9:24  Archon x2  
  128  9:28  Probe  
  129  9:32  Gateway  
  129  9:34  Gateway  
  129  9:36  Gateway  
  129  9:39  Gateway  
  129  9:42  Observer  
  130  9:45  Pylon  
  130  9:47  High Templar x2  
  130  9:52  High Templar x2, Zealot  
  138  9:53  Zealot  
  138  9:55  Archon  
  138  9:58  Archon  
  142  10:02  Dark Shrine  
  142  10:06  Gateway  
  146  10:09  Pylon  
  146  10:14  Zealot x2  
  146  10:15  Pylon  
  146  10:20  Zealot x2  
  154  10:25  Warp Prism (Chrono Boost)  
  154  10:27  Zealot x2  
  154  10:28  Zealot  
  158  10:34  Zealot x3  
  164  10:39  High Templar  
  164  10:40  High Templar  
  164  10:41  High Templar x2  
  172  10:44  Archon  
  172  10:45  Archon  
  172  10:47  Pylon, Zealot  
  172  10:48  Zealot x2  
  178  11:14  Zealot x8  
  178  11:15  Zealot x3  
  188  11:35  Zealot x9  
Show
View Real Time Build Order
Export as new Build Order

Waxer Terran 

Build Orders:  

Get SALT Encoding   

  12  0:00  SCV  
  13  0:12  SCV  
  14  0:17  Supply Depot  
  14  0:24  SCV  
  15  0:39  SCV  
  15  0:40  Barracks  
  16  0:45  Refinery  
  16  0:53  SCV  
  17  1:05  SCV  
  18  1:17  SCV  
  21  1:32  Reaper  
  21  1:33  Orbital Command  
  20  1:48  Command Center  
  20  2:01  Supply Depot  
  20  2:04  SCV  
  20  2:05  Marine  
  22  2:18  Factory  
  22  2:19  SCV  
  23  2:28  Bunker  
  23  2:31  SCV  
  23  2:32  Barracks Reactor  
  24  2:40  Refinery  
  24  2:43  SCV  
  25  2:55  SCV  
  26  3:02  Hellion  
  29  3:07  SCV, Orbital Command  
  29  3:13  Marine x2  
  29  3:15  Starport  
  29  3:19  SCV  
  32  3:26  Factory Tech Lab  
  32  3:31  Marine  
  32  3:32  SCV  
  32  3:33  SCV  
  35  3:36  Marine  
  36  3:42  Supply Depot  
  36  3:44  SCV  
  36  3:45  SCV  
  38  3:49  Cyclone  
  38  3:50  Marine  
  40  3:56  SCV  
  40  3:59  Viking  
  40  4:00  SCV, Marine  
  44  4:09  Supply Depot  
  44  4:11  SCV  
  45  4:22  SCV  
  46  4:26  Command Center, Marine x2  
  48  4:31  SCV  
  48  4:32  Supply Depot  
  48  4:35  SCV  
  50  4:40  Barracks  
  50  4:43  SCV  
  51  4:46  Barracks  
  51  4:48  SCV, Starport Tech Lab  
  52  4:52  Marine x2  
  52  4:55  SCV  
  52  4:58  Siege Tank  
  58  5:00  SCV  
  58  5:04  Refinery  
  58  5:05  Refinery  
  59  5:08  SCV  
  59  5:11  Marine x2  
  59  5:12  SCV  
  63  5:17  Starport Tech Lab  
  63  5:20  SCV  
  64  5:24  Engineering Bay, SCV  
  64  5:27  Engineering Bay  
  65  5:32  Marine, SCV, Siege Tank  
  65  5:34  Stimpack  
  70  5:37  Marine  
  70  5:40  Orbital Command  
  70  5:41  Starport Reactor  
  71  5:45  Combat Shield, SCV  
  74  5:50  Marauder  
  74  5:51  Marauder  
  74  5:54  Terran Infantry Weapons Level 1  
  74  5:56  Terran Infantry Armor Level 1  
  76  5:58  SCV  
  76  6:00  SCV  
  76  6:02  Marine  
  79  6:05  Marine  
  79  6:09  Orbital Command  
  79  6:10  SCV  
  81  6:13  Missile Turret, SCV  
  81  6:15  Missile Turret  
  82  6:23  Marine x2  
  84  6:28  Marauder x2, Medivac x2  
  84  6:29  Supply Depot  
  92  6:33  SCV  
  93  6:43  Supply Depot  
  93  6:50  Marine x2  
  93  6:51  SCV x3, Siege Tank  
  101  6:54  Barracks x2  
  101  7:04  SCV x3, Marine  
  101  7:05  Marauder  
  101  7:07  Supply Depot  
  107  7:12  Marine x2  
  108  7:16  SCV  
  108  7:17  Missile Turret  
  109  7:25  Armory  
  109  7:27  Supply Depot  
  109  7:28  Supply Depot, Concussive Shells  
  109  7:29  Supply Depot, SCV x2, Marauder x2  
  115  7:31  Marine x2  
  117  7:41  Barracks Tech Lab  
  117  7:42  Barracks Tech Lab  
  117  7:46  Refinery  
  117  7:48  Refinery, Marine, SCV x3, Siege Tank  
  124  7:52  Marauder x2, Marine  
  129  7:58  Medivac x2  
  129  8:00  SCV  
  129  8:04  Marauder x2  
  138  8:08  Supply Depot  
  138  8:09  Supply Depot  
  138  8:12  SCV  
  139  8:13  Marauder  
  139  8:16  Terran Infantry Armor Level 2, SCV x2  
  143  8:22  Terran Infantry Weapons Level 2  
  140  8:33  Marine x2  
  138  8:34  Marauder x3  
  138  8:35  Siege Tank  
  138  8:37  SCV  
  142  8:44  SCV  
  127  8:54  Marauder, Marine  
  127  8:55  Marine  
  116  8:56  Marauder  
  116  8:57  Marine x2  
  116  9:07  Command Center  
  116  9:09  Siege Tank  
  117  9:12  Marine  
  117  9:13  Marine  
  117  9:16  Marauder x3  
  127  9:17  Marauder  
  126  9:28  Starport  
  126  9:29  SCV, Fusion Core  
  126  9:30  SCV x2  
  129  9:37  Marauder x3  
  129  9:38  Marauder, Sensor Tower  
  141  9:49  Marine x2  
  141  9:51  Ghost Academy  
  143  9:55  Supply Depot  
  143  9:58  Supply Depot, SCV x2  
  146  10:00  SCV  
  146  10:04  Factory Reactor  
  146  10:08  Liberator  
  146  10:11  Liberator x2  
  151  10:16  Advanced Ballistics  
  151  10:30  Marauder x2  
  151  10:31  Marauder, Marine x2  
  151  10:32  Marauder  
  151  10:33  Refinery  
  151  10:35  Refinery, Missile Turret  
  161  10:36  Sensor Tower  
  161  10:41  Supply Depot  
  161  10:47  Missile Turret  
  161  10:48  Missile Turret  
  161  10:49  Marine x2  
  163  10:51  Planetary Fortress  
  162  11:05  Ghost x2  
Tags
 
Add a new tag
Caveats
  • Supply blocks, unpowered buildings, or Contaminate may cause inaccurate times.
  • Supply counts are checked every 10 seconds.